 Dungeon Sprint DCSS version 0.26-a0-1181-gd376ed14c5 (webtiles) character file.

Game seed: 15460793966828366697

6298 sahdkjhfkaj the Warrior (level 10, -4/83 HPs)
             Began as a Gargoyle Earth Elementalist on Dec 26, 2020.
             Was the Champion of Vehumet.
             Killed from afar by an air elemental (10 damage)
             ... with a tornado
             ... in the Dungeon (Sprint V: "Ziggurat Sprint").
             The game lasted 00:03:19 (969 turns).

sahdkjhfkaj the Warrior (GrEE)                       Turns: 969, Time: 00:03:19

Health: -4/83      AC:  9    Str: 24    XL:     10   Next: 94%
Magic:  13/13      EV: 12    Int: 19    God:    Vehumet [******]
Gold:   0          SH:  0    Dex: 10    Spells: 12/13 levels left

rFire    . . .     SeeInvis .   a - +7 Screaming Sword {vorpal, sonic wave}
rCold    . . .     Faith    .   (no shield)
rNeg     + . .     Spirit   .   c - +0 robe
rPois    ∞         Reflect  .   (no helmet)
rElec    +         Harm     .   (no cloak)
rCorr    .         Rampage  .   (no gloves)
Will     .....     NoTele   +   (no boots)
Stlth    ++........             (no amulet)
HPRegen  0.23/turn              z - +6 ring of strength
MPRegen  0.13/turn              y - +6 ring of strength

@: flying (expiring)
A: negative energy resistance 1, electricity resistance, unbreathing,
petrification resistance, miasma immunity, AC +7
a: Renounce Religion


You were in the Dungeon.
You worshipped Vehumet.
Vehumet was exalted by your worship.
You visited 1 branch

Inventory:

Hand Weapons
 a - the +7 Screaming Sword (weapon) {vorpal, sonic wave}
   (You found it in the Dungeon)

   It inflicts extra damage upon your enemies.
Missiles
 b - 30 stones (quivered)
Armour
 c - a +0 robe (worn)
Magical Staves
 F - an uncursed staff of earth
Jewellery
 t - an uncursed ring of flight
 u - a +6 ring of dexterity
 v - a +6 ring of dexterity
 w - a +6 ring of intelligence
 x - a +6 ring of intelligence
 y - a +6 ring of strength (right hand)
 z - a +6 ring of strength (left hand)
Wands
 A - a wand of disintegration (7)
 B - a wand of iceblast (7)
 C - a wand of acid (7)
Scrolls
 f - 5 scrolls of identify
 i - 4 scrolls of blinking
 n - 4 scrolls of amnesia
 o - 7 scrolls of fog
 p - a scroll of holy word
 r - 5 scrolls of remove curse
 s - 2 scrolls of fear
Potions
 d - 10 potions of curing
 e - 8 potions of heal wounds
 g - 7 potions of magic
 h - 3 potions of berserk rage
 j - a potion of invisibility
 k - 3 potions of resistance
 m - 5 potions of might
 q - 4 potions of haste
 D - 2 potions of brilliance
Miscellaneous
 l - a lightning rod (4/4)
 E - a condenser vane


   Skills:
 + Level 18.3 Fighting
 - Level 16.0 Long Blades
 - Level 1.5 Dodging
 - Level 2.1 Stealth
 - Level 2.0 Spellcasting
 - Level 0.7 Transmutations
 - Level 3.6 Earth Magic


You had 12 spell levels left.
You knew the following spells:

 Your Spells              Type           Power        Failure   Level
a - Sandblast             Erth           30%          1%          1

Your spell library contained the following spells:

 Spells                   Type           Power        Failure   Level
 Bolt of Magma            Conj/Fire/Erth 3%           54%         5
 Stone Arrow              Conj/Erth      16%          7%          3
 Passwall                 Tmut/Erth      8%           11%         2
 Beastly Appendage        Tmut           8%           13%         1
 Summon Small Mammal      Summ           4%           17%         1
 Wereblood                Tmut           4%           19%         2
 Lee's Rapid Deconstruct  Erth           7%           26%         5
 Spider Form              Tmut/Pois      1%           41%         3
 Gell's Gravitas          Tloc           0%           45%         3
 Portal Projectile        Hex/Tloc       2%           45%         3
 Petrify                  Tmut/Erth      10%          56%         4
 Ice Form                 Ice/Tmut       3%           82%         4
 Blade Hands              Tmut           2%           98%         5
 Summon Mana Viper        Hex/Summ       1%           99%         5
 Dispersal                Tloc           0%           100%        6
 Haunt                    Necr/Summ      0%           100%        7
 Malign Gateway           Summ/Tloc      0%           100%        7
 Summon Hydra             Summ           0%           100%        7
 Borgnjor's Revivificati  Necr           0%           100%        8
 Disjunction              Tloc           0%           100%        8
 Infestation              Necr           0%           100%        8
 Necromutation            Tmut/Necr      1%           100%        8
 Death's Door             Necr           0%           100%        9


Dungeon Overview and Level Annotations

Branches:
Dungeon (1/1)

Altars:
Ashenzari
Cheibriados
Dithmenos
Elyvilon
Fedhas
Gozag
Hepliaklqana
Kikubaaqudgha
Makhleb
Nemelex Xobeh
Okawaru
Qazlal
Ru
Sif Muna
Trog
Uskayaw
Vehumet
Wu Jian
Xom
Yredelemnul
Zin
The Shining One
Beogh
Jiyva
Lugonu

Annotations:
D 1 transporter


Innate Abilities, Weirdness & Mutations

You are resistant to torment.
Your stone body is resilient. (AC +7)
You are immune to poison.
You resist negative energy. (rN+)
You are resistant to electric shocks. (rElec)
You can survive without breathing.
You are immune to petrification.
You are immune to miasma.


Message History

Unknown command.
You carve the air elemental like a ham!!!
You destroy the air elemental!
Vehumet accepts your kill.
Vehumet offers you knowledge of Bolt of Magma.
You are engulfed in raging winds.
The air elemental barely misses you. The air elemental hits you.
The insubstantial wisp blinks!
You slice the wind drake!!
The wind drake is almost dead.
You are engulfed in raging winds.
The insubstantial wisp is destroyed! x2
* * * LOW HITPOINT WARNING * * *
The wind drake dies!
The insubstantial wisp is destroyed!
The air elemental misses you. The air elemental closely misses you.
The air elemental hits you.
* * * LOW HITPOINT WARNING * * *
You miss the air elemental.
You are engulfed in raging winds.
* * * LOW HITPOINT WARNING * * *
The winds around the air elemental start to calm down.
You die...

▓.▓.....▓.▓.......▓
▓....©....▓...©...▓
▓▓▓▓▓▓▓▓▓▓▓▓▓▓▓▓▓▓▓
▓...8©8...▓
▓..)§)§§§§▓
▓..§v§§§§§▓
▓.§§§§§§§§▓
▓..§§§§§E§▓
▓..§§§§E@§▓
▓.§§§§§§§§▓
▓.▓§§§§§▓§▓
▓..§§§§§§§▓
▓▓▓▓▓▓▓▓▓▓▓


You could see 2 air elementals and an insubstantial wisp.

Vanquished Creatures
  A two-headed ogre (D)
  3 wolf spiders (D)
  2 eyes of devastation (D)
  A smoke demon (D)
  A troll (D)
  A wind drake (D)
  2 slime creatures (D)
  2 redbacks (D)
  A spriggan (D)
  4 air elementals (D)
  2 tarantellas (D)
  An insubstantial wisp (D)
  3 floating eyes (D)
  A black bear (D)
  An eye of draining (D)
  An ogre (D)
  2 wolves (D)
  2 necrophages (D)
  5 scorpions (D)
  A wight (D)
  3 jellies (D)
  An ufetubus (D)
  An ooze (D)
  An adder zombie (D)
  A bat skeleton (D)
44 creatures vanquished.

Vanquished Creatures (others)
  2 wind drakes (D)
  5 insubstantial wisps (D)
7 creatures vanquished.

Grand Total: 51 creatures vanquished

Notes
Turn   | Place    | Note
-------+----------+-------------------------------------------
     0 | D        | sahdkjhfkaj the Gargoyle Earth Elementalist began the quest
                  | for the Orb.
     0 | D        | Reached XP level 1. HP: 10/10 MP: 3/3
     0 | D        | Found a shimmering blue altar of Sif Muna.
     0 | D        | Found a sacrificial altar of Ru.
     0 | D        | Found a bloodstained altar of Trog.
     0 | D        | Found a stormy altar of Qazlal.
     0 | D        | Found an iron altar of Okawaru.
     0 | D        | Found a sparkling altar of Nemelex Xobeh.
     0 | D        | Found a blossoming altar of Fedhas.
     1 | D        | Found the +6 Majin-Bo {vamp, MP+6 Int+6}
     1 | D        | Found the +9 heavy crossbow "Sniper" {vorpal, Acc+∞ SInv}
     1 | D        | Found the +10 dark maul {vorpal}
     1 | D        | Found the +15 Maxwell's patent armour {-Cast -Tele rElec
                  | Will+ rCorr}
     1 | D        | Found the +18 shield of the Gong {rElec rN+ Will+ EV-5}
     1 | D        | Found the cursed +14 obsidian axe {vorpal, +Fly SInv
                  | *Curse}
     1 | D        | Found the +7 great mace "Firestarter" {inner flame, rF++}
     1 | D        | Found the +6 shillelagh "Devastator" {shatter}
     1 | D        | Found the +11 plutonium sword {*Contam Stlth-}
     1 | D        | Found the +8 lance "Wyrmbane" {slay drac, rPois rF+ rC+
                  | AC+3}
     1 | D        | Found the +9 sword of Zonguldrok {reap}
     1 | D        | Found the cursed +13 scythe of Curses {drain, *Curse}
     1 | D        | Found the +5 sword of Power {vorpal}
     1 | D        | Found the +7 mace of Variability {chain chaos}
     1 | D        | Found the +7 Singing Sword {vorpal, sonic wave}
     1 | D        | Found the +8 storm bow {elec, penet}
     2 | D        | Found a transporter.
     2 | D        | Found an ancient bone altar of Kikubaaqudgha.
     2 | D        | Found a viscous altar of Jiyva.
     2 | D        | Found a corrupted altar of Lugonu.
     2 | D        | Found a hazy altar of Hepliaklqana.
     2 | D        | Found a burning altar of Makhleb.
     2 | D        | Found an opulent altar of Gozag.
    36 | D        | Reached skill level 4 in Fighting
    36 | D        | Reached skill level 5 in Long Blades
    36 | D        | Reached XP level 2. HP: 20/20 MP: 5/5
    59 | D        | Became a worshipper of Vehumet
    75 | D        | Entered arena 2.
    75 | D        | Noticed a smoke demon
    75 | D        | Found a transporter.
    80 | D        | Killed a smoke demon
    80 | D        | Reached * piety under Vehumet
    80 | D        | Offered knowledge of Freeze by Vehumet.
    81 | D        | Reached skill level 8 in Fighting
    81 | D        | Reached skill level 10 in Long Blades
    81 | D        | Reached XP level 3. HP: 30/30 MP: 6/6
    81 | D        | Reached XP level 4. HP: 36/36 MP: 7/7
    81 | D        | Reached XP level 5. HP: 40/40 MP: 8/8
    81 | D        | Reached XP level 6. HP: 45/45 MP: 9/9
    89 | D        | Entered arena 3.
    89 | D        | Noticed a troll
    89 | D        | Noticed a two-headed ogre
    89 | D        | Found a transporter.
    94 | D        | Reached skill level 9 in Fighting
    94 | D        | Killed a troll
    95 | D        | Reached skill level 10 in Fighting
    95 | D        | Reached XP level 7. HP: 52/52 MP: 10/10
    98 | D        | Killed a two-headed ogre
    98 | D        | Reached ** piety under Vehumet
    99 | D        | Reached skill level 11 in Fighting
    99 | D        | Reached XP level 8. HP: 60/60 MP: 11/11
   102 | D        | Entered arena 4.
   102 | D        | Noticed a spriggan
   102 | D        | Found a transporter.
   106 | D        | Killed a spriggan
   110 | D        | Reached skill level 12 in Fighting
   135 | D        | Entered arena 5.
   135 | D        | Noticed a tarantella
   135 | D        | Noticed a tarantella
   135 | D        | Found a transporter.
   139 | D        | Reached *** piety under Vehumet
   139 | D        | Killed a tarantella
   140 | D        | Reached XP level 9. HP: 58/66 MP: 12/12
   191 | D        | Entered arena 6.
   191 | D        | Found a transporter.
   192 | D        | Found the +2 robe of Vines {NoPotionHeal Regen+7}
   194 | D        | Reached **** piety under Vehumet
   203 | D        | Reached ***** piety under Vehumet
   358 | D        | Entered arena 7.
   358 | D        | Noticed an eye of devastation
   359 | D        | Found a transporter.
   361 | D        | Offered knowledge of Magic Dart by Vehumet.
   362 | D        | Reached skill level 13 in Fighting
   362 | D        | Reached skill level 15 in Long Blades
   365 | D        | Killed an eye of devastation
   388 | D        | Entered arena 8.
   388 | D        | Noticed an eye of devastation
   389 | D        | Found a transporter.
   397 | D        | Paralysed by a floating eye for 2 turns
   401 | D        | Reached ****** piety under Vehumet
   405 | D        | Reached skill level 14 in Fighting
   405 | D        | Reached XP level 10. HP: 60/75 MP: 13/13
   406 | D        | Killed an eye of devastation
   580 | D        | Got Syutuist's Grimoire of Supportive Translocation
   591 | D        | Entered arena 9.
   593 | D        | Found a transporter.
   593 | D        | Offered knowledge of Dazzling Flash by Vehumet.
   594 | D        | Reached skill level 15 in Fighting
   597 | D        | Reached skill level 16 in Fighting
   795 | D        | Entered arena 10.
   795 | D        | Noticed a wolf spider
   795 | D        | Noticed a wolf spider
   795 | D        | Noticed a wolf spider
   796 | D        | Found a transporter.
   798 | D        | Offered knowledge of Frozen Ramparts by Vehumet.
   799 | D        | Killed a wolf spider
   800 | D        | Reached skill level 17 in Fighting
   801 | D        | Killed a wolf spider
   801 | D        | Killed a wolf spider
   802 | D        | Reached skill level 18 in Fighting
   963 | D        | Entered arena 11.
   964 | D        | Found a transporter.
   967 | D        | Offered knowledge of Bolt of Magma by Vehumet.
   969 | D        | Killed from afar by an air elemental

Illustrated notes

Levels and vault maps discovered:
D:        sprint_v [room_start, room_1, room_2, room_3, room_4, room_5, room_6,
          room_7, room_8, room_9, room_10, room_11, room_12, room_13, room_14,
          room_15, room_16, room_17, room_18, room_19, room_20, room_21,
          room_22, room_23, room_24, room_25, room_26, room_27]

Skill      XL: |  1  2  3  4  5  6  7  8  9 10 |
---------------+-------------------------------+-----
Fighting       | 4 8 10 11 12 14 18 | 18.3
Long Blades    | 5 10 11 13 14 16 | 16.0
Dodging        | |  1.5
Stealth        | |  2.1
Spellcasting   | |  2.0
Transmutations | |  0.7
Earth Magic    | |  3.6

Action                   |  1- 3 |  4- 6 |  7- 9 | 10-12 || total
-------------------------+-------+-------+-------+-------++-------
Melee: Double sword      |     2 |     2 |    41 |    12 ||    57
Evoke: Lightning rod     |       |       |     4 |       ||     4
       Condenser vane    |       |       |     1 |     1 ||     2
  Use: Potion            |     5 |       |     2 |     1 ||     8
 Stab: Invisible         |     1 |     1 |     1 |       ||     3
       Sleeping          |     1 |       |       |       ||     1
Armor: Robe              |       |       |    23 |     4 ||    27
Dodge: Dodged            |       |       |    26 |     8 ||    34
       Rpst.: Double sword |       |       |     6 |     3 ||     9

Table legend: (Time is in decaauts)
 A = Elapsed time spent in this place.
 B = Non-inter-level travel time spent in this place.
 C = Inter-level travel time spent in this place.
 D = Time resting spent in this place.
 E = Time spent auto-exploring this place.
 F = Levels seen in this place.
 G = Mean time per level.
                   A        B        C        D        E       F      G
               +--------+--------+--------+--------+--------+-----+--------+
         Total |    916 |    916 |      0 |    694 |     21 |   1 |  916.0 |
       Dungeon |    916 |    916 |      0 |    694 |     21 |   1 |  916.0 |
               +--------+--------+--------+--------+--------+-----+--------+

Top non-repeatable levels by time:
       D: 916 daAuts
